 Seeded DCSS version 0.27-a0-287-gd4424db430 (webtiles) character file.

Game seed: 20210208 (custom seed)

171868 Snicker the Impaler (level 17, -21/162 HPs)
             Began as a Minotaur Delver on Feb 8, 2021.
             Was the Champion of the Shining One.
             Killed from afar by a Hell Sentinel (60 damage)
             ... with an iron shot
             ... on level 2 of the Abyss.
             The game lasted 01:01:40 (28553 turns).

Snicker the Impaler (Minotaur Delver)              Turns: 28553, Time: 01:01:44

Health: -21/162    AC: 34    Str: 27    XL:     17   Next: 40%
Magic:  24/24      EV: 16    Int:  7    God:    the Shining One [******]
Gold:   778        SH:  0    Dex: 20    Spells: 10/16 levels left

rFire    + . .     SeeInvis .   a - +8 glaive of the Guard {elec, spectral, AC+5}
rCold    . . .     Faith    .   (shield currently unavailable)
rNeg     + + +     Spirit   .   N - +8 chain mail "Maagaqyu" {Dex+4}
rPois    +         Reflect  .   B - +2 hood of the Assassin {Detection Stab+ Stlth++}
rElec    .         Harm     .   t - +2 cloak
rCorr    .         Rampage  .   j - +0 pair of gloves of Xatz {rC+ Str+3}
Will     +....                  (no boots)
Stlth    +.........             P - amulet of regeneration
HPRegen  0.77/turn              W - ring of Poyclomp {Fire Str+4 Slay+2}
MPRegen  0.19/turn              v - ring of poison resistance

@: glowing, studying 2 skills
A: retaliatory headbutt, horns 2
a: Renounce Religion, Divine Shield, Cleansing Flame, Summon Divine Warrior,
Brand Weapon With Holy Wrath


You were on level 2 of the Abyss.
You worshipped the Shining One.
The Shining One was exalted by your worship.
You visited 6 branches of the dungeon, and saw 28 of its levels.
You visited the Abyss 1 time.
You also visited: Ice Cave.

You collected 2992 gold pieces.
You spent 2214 gold pieces at shops.

Inventory:

Hand Weapons
 a - the +8 glaive of the Guard (weapon) {elec, spectral, AC+5}
   (You found it on level 6 of the Dungeon)

   Occasionally, upon striking a foe, it can discharge electrical energy and
   cause terrible harm.
   It retains the spirit of the tree from which it was made.
   In the hands of one skilled in evocations this spirit is drawn out to fight
   along side the wielder.
   It affects your AC (+5).
 b - a +4 scimitar of flaming
 Q - the +7 falchion "Jellyslayer" {speed, *Corrode rC- Int+7 Stlth+}
   (You found it on level 8 of the Dungeon)

   Attacks with this weapon are significantly faster.
   It affects your intelligence (+7).
   It makes you vulnerable to cold.
   It may corrode you when you take damage.
   It makes you more stealthy.
Missiles
 h - 25 silver javelins
 k - 10 curare-tipped darts (quivered)
 L - 2 throwing nets
Armour
 i - a +2 hat of stealth
 j - the +0 pair of gloves of Xatz (worn) {rC+ Str+3}
   (You acquired it on level 2 of the Lair of Beasts)

   It affects your strength (+3).
   It protects you from cold.
 t - a +2 cloak (worn)
 w - the +7 plate armour of the Hills {Harm rPois rF- Regen+}
   (You bought it in a shop on level 10 of the Dungeon)

   It makes you vulnerable to fire.
   It protects you from poison.
   It increases your rate of regeneration.
   It increases damage dealt and taken.
 B - the +2 hood of the Assassin (worn) {Detection Stab+ Stlth++}
   (You found it on level 13 of the Dungeon)

   It makes you much more stealthy.
 N - the +8 chain mail "Maagaqyu" (worn) {Dex+4}
   (You found it on level 6 of the Lair of Beasts)

   It affects your dexterity (+4).
 Y - a +3 chain mail of cold resistance
Jewellery
 s - an uncursed ring of magical power
 u - a +6 ring of dexterity
 v - a ring of poison resistance (right hand)
 y - a +6 ring of dexterity
 G - an uncursed ring of protection from cold
 I - an uncursed ring of magical power
 K - an uncursed ring of see invisible
 M - an uncursed ring of wizardry
 P - an amulet of regeneration (around neck)
 T - an uncursed ring of protection from fire
 V - a +4 ring of evasion
 W - the ring of Poyclomp (left hand) {Fire Str+4 Slay+2}
   (You bought it in a shop on level 13 of the Dungeon)

   [ring of fire]

   It enhances your fire magic.
   It affects your strength (+4).
   It affects your accuracy and damage with ranged weapons and melee attacks
   (+2).
   It protects you from fire.
   It makes you vulnerable to cold.
 Z - an uncursed ring of willpower
Wands
 e - a wand of polymorph (29)
 g - a wand of digging (10)
 C - a wand of paralysis (9)
 E - a wand of random effects (26)
 F - a wand of mindburst (34)
 J - a wand of iceblast (60)
 X - a wand of acid (28)
Scrolls
 c - 6 scrolls of fog
 d - 9 scrolls of magic mapping
 n - 24 scrolls of identify
 o - 14 scrolls of remove curse
 p - 2 scrolls of amnesia
 r - 19 scrolls of teleportation
 x - 2 scrolls of blinking
 A - 4 scrolls of enchant weapon
 D - 2 scrolls of enchant armour
 R - 2 scrolls of holy word
 S - 3 scrolls of fear
Potions
 f - 2 potions of haste
 l - 9 potions of ambrosia
 m - 2 potions of might
 q - 10 potions of curing
 H - 2 potions of brilliance
 O - 5 potions of flight
 U - 3 potions of berserk rage


   Skills:
 + Level 17.6 Fighting
 - Level 8.9 Long Blades
 + Level 2.8(13.8) Axes
 - Level 19.9(20.0) Polearms
 + Level 3.0 Throwing
 + Level 15.9 Armour
 + Level 9.3 Dodging
 + Level 6.2 Stealth
 + Level 3.2 Air Magic
 * Level 11.5 Invocations
 + Level 2.0 Evocations


You had 10 spell levels left.
You knew the following spells:

 Your Spells              Type           Power        Failure   Level
a - Swiftness             Air            4%           54%         2
b - Wereblood             Tmut           0%           94%         2
c - Blink                 Tloc           N/A          94%         2

Your spell library contained the following spells:

 Spells                   Type           Power        Failure   Level
 Shock                    Conj/Air       8%           63%         1
 Corpse Rot               Necr/Air       N/A          77%         2
 Poisonous Vapours        Pois/Air       4%           77%         2
 Animate Skeleton         Necr           0%           85%         1
 Apportation              Tloc           0%           85%         1
 Beastly Appendage        Tmut           0%           85%         1
 Corona                   Hex            0%           85%         1
 Freeze                   Ice            0%           85%         1
 Magic Dart               Conj           0%           85%         1
 Pain                     Necr           0%           85%         1
 Sandblast                Erth           0%           85%         1
 Sting                    Tmut/Pois      0%           85%         1
 Summon Small Mammal      Summ           0%           85%         1
 Call Imp                 Summ           0%           94%         2
 Ensorcelled Hibernation  Hex/Ice        0%           94%         2
 Passwall                 Tmut/Erth      0%           94%         2
 Searing Ray              Conj           0%           94%         2
 Slow                     Hex            0%           94%         2
 Sublimation of Blood     Necr           0%           94%         2
 Static Discharge         Conj/Air       2%           94%         3
 Mephitic Cloud           Conj/Pois/Air  1%           97%         3
 Call Canine Familiar     Summ           0%           99%         3
 Confusing Touch          Hex            0%           99%         3
 Conjure Flame            Conj/Fire      0%           99%         3
 Dazzling Flash           Conj/Hex       0%           99%         3
 Frozen Ramparts          Ice            0%           99%         3
 Ignite Poison            Fire/Tmut/Pois 0%           99%         3
 Inner Flame              Hex/Fire       0%           99%         3
 Lesser Beckoning         Tloc           0%           99%         3
 Ozocubu's Armour         Ice            0%           99%         3
 Portal Projectile        Hex/Tloc       0%           99%         3
 Spider Form              Tmut/Pois      0%           99%         3
 Stone Arrow              Conj/Erth      0%           99%         3
 Summon Guardian Golem    Hex/Summ       0%           99%         3
 Tukima's Dance           Hex            0%           99%         3
 Vampiric Draining        Necr           0%           99%         3
 Airstrike                Air            2%           99%         4
 Animate Armour           Summ/Erth      0%           100%        4
 Animate Dead             Necr           0%           100%        4
 Cause Fear               Hex            0%           100%        4
 Dispel Undead            Necr           0%           100%        4
 Fulminant Prism          Conj/Hex       0%           100%        4
 Hailstorm                Conj/Ice       0%           100%        4
 Ice Form                 Ice/Tmut       0%           100%        4
 Iskenderun's Mystic Bla  Conj/Tloc      0%           100%        4
 Leda's Liquefaction      Hex/Erth       0%           100%        4
 Olgreb's Toxic Radiance  Pois           0%           100%        4
 Petrify                  Tmut/Erth      0%           100%        4
 Summon Ice Beast         Ice/Summ       0%           100%        4
 Summon Lightning Spire   Summ/Air       2%           100%        4
 Agony                    Necr           0%           100%        5
 Alistair's Intoxication  Tmut/Pois      0%           100%        5
 Blade Hands              Tmut           0%           100%        5
 Bolt of Magma            Conj/Fire/Erth 0%           100%        5
 Excruciating Wounds      Necr           0%           100%        5
 Lee's Rapid Deconstruct  Erth           0%           100%        5
 Lightning Bolt           Conj/Air       1%           100%        5
 Silence                  Hex/Air        1%           100%        5
 Summon Forest            Summ/Tloc      0%           100%        5
 Summon Mana Viper        Hex/Summ       0%           100%        5
 Conjure Ball Lightning   Conj/Air       1%           100%        6
 Freezing Cloud           Conj/Ice/Air   0%           100%        6
 Invisibility             Hex            0%           100%        6
 Iron Shot                Conj/Erth      0%           100%        6
 Shadow Creatures         Summ           N/A          100%        6
 Statue Form              Tmut/Erth      0%           100%        6
 Summon Hydra             Summ           0%           100%        7
 Shatter                  Erth           0%           100%        9
 Tornado                  Air            2%           100%        9


Dungeon Overview and Level Annotations

Branches:
Dungeon (14/15)            Temple (1/1) D:7            Lair (6/6) D:8
 Shoals (0/4) Lair:2        Snake (4/4) Lair:3        Slime (0/5) Lair:5
    Orc (2/2) D:12            Elf (1/3) Orc:2        Vaults (0/5) D:13
  IceCv (visited)

Altars:
Ashenzari
Cheibriados
Dithmenos
Elyvilon
Fedhas
Gozag
Hepliaklqana
Kikubaaqudgha
Makhleb
Nemelex Xobeh
Okawaru
Qazlal
Ru
Sif Muna
Trog
Uskayaw
Vehumet
Wu Jian
Xom
Yredelemnul
Zin
The Shining One
Beogh
Jiyva

Shops:
D:4 *   D:5 (   D:9 !   D:10 =*[!=   D:13 =   Orc:2 ([*=   Snake:1 ::=
Snake:2 *?


Innate Abilities, Weirdness & Mutations

You reflexively headbutt those who attack you in melee.
You have a pair of horns on your head.


Message History

The Hell Sentinel convulses.
Unknown command.
You slice the Hell Sentinel!! You headbutt the Hell Sentinel.
The Hell Sentinel is severely wounded.
Your spectral weapon hits the Hell Sentinel from afar!
The Hell Sentinel gestures at you.
The sphere of damnation explodes!
The damnation engulfs you!!!
* * * LOW HITPOINT WARNING * * *
The damnation engulfs the Hell Sentinel.
The Hell Sentinel completely resists.
The damnation engulfs your daeva!!
You hear a roar!
Unknown command.
You hit the Hell Sentinel but do no damage.
The Hell Sentinel is severely wounded.
Your spectral weapon hits the Hell Sentinel but does no damage.
Your daeva calls down the wrath of the Shining One upon the Hell Sentinel.
The Hell Sentinel is smitten.
The Hell Sentinel gestures at you. The iron shot hits you!!!
You die...

# # .. . # ## .
###. .##. . .. ..
.. .# . ##...#.
#. .. . .. . .{
...# .3G##. .#.
#.#..## #. #[##.
. ..5..#### ##
.## #1A##.###.. .
#@........§#
#..(#.##.#§......
#..#...#. .## #.
..##....##...#
#.#.##..#######..
# ##.. #.# .... #
# ##.. . .#


You could see a Hell Sentinel, a quasit, a friendly daeva (summoned) and a
friendly +8 glaive of the Guard {elec, spectral, AC+5} (summoned).

Vanquished Creatures
  Vashnia (Snake:2)
  Jorgrun (D:13)
  2 Hell Sentinels (Abyss:2)
  Gastronok (D:12)
  A daeva (Abyss:2)
  3 nagarajas (Snake:3)
  Aizul (Snake:4)
  An orc warlord (Orc:2)
  A balrug (Abyss:2)
  An ophan (Abyss:2)
  Nessos (D:12)
  2 crystal guardians (D:13)
  A rakshasa (D:13)
  The ghost of puppykicker the Grappler, a journeyman TrDe of Hepliaklqana (D:12)
  5 boulder beetles
  4 vault guards (D:13)
  8 hydras
  2 ogre magi (D:13)
  A death knight (D:12)
  Erica (D:8)
  4 anacondas
  2 centaur warriors
  4 catoblepae
  3 two-headed ogres
  5 naga warriors
  5 death yaks (Lair:6)
  A dancing weapon (Elf:1)
  4 orc high priests
  Urug (D:12)
  15 naga sharpshooters
  3 sun demons (Abyss:2)
  5 shock serpents
  Sonja (D:13)
  A salamander mystic (Snake:2)
  3 unseen horrors (D:12)
  3 deep elf archers
  A wolf spider zombie (D:13)
  3 deep elf zephyrmancers (Elf:1)
  10 deep elf pyromancers
  An orange crystal statue (D:13)
  2 necromancers
  4 orc knights
  8 mana vipers
  4 naga ritualists
  6 ugly things
  A cyclops (D:14)
  5 salamanders
  5 orc sorcerers (Orc:2)
  3 manticores
  10 naga magi
  4 elephants
  3 merfolk sirens (Lair:2)
  Joseph (D:7)
  A guardian serpent (Snake:1)
  26 black mambas
  2 ice statues
  3 torpor snails
  15 cane toads
  2 gargoyles
  8 rime drakes
  2 efreet
  2 ice devils (Orc:2)
  3 komodo dragons
  11 freezing wraiths
  6 trolls
  6 meliai
  A queen bee (D:12)
  A merfolk (Lair:2)
  3 hornets
  3 slime creatures (D:13)
  3 dream sheep
  28 blink frogs
  A ynoxinul (Abyss:2)
  A wraith (D:12)
  A shadow (D:13)
  3 vampires
  7 humans
  4 wyverns
  59 yaks
  A chaos spawn (Abyss:2)
  5 basilisks
  5 steam dragons (Lair:3)
  4 vampire mosquitoes (D:12)
  3 small abominations (Abyss:2)
  Edmund (D:5)
  3 soldier ants
  A death yak simulacrum (IceCv)
  44 nagas
  3 acid dragons
  5 wargs
  15 water moccasins
  36 orc warriors
  3 elephant zombies (Lair:3)
  3 black bears
  4 sky beasts
  6 ice beasts (IceCv)
  An alligator simulacrum (IceCv)
  A hornet zombie (D:11)
  An eye of draining (D:11)
  7 ogres
  37 wolves
  2 phantoms
  11 centaurs
  4 kobold brigands
  A komodo dragon zombie (Lair:3)
  27 bullfrogs
  A gnoll sergeant (D:9)
  A water moccasin zombie (D:5)
  2 wyvern skeletons (D:12)
  7 scorpions
  36 killer bees
  An elephant simulacrum (IceCv)
  7 wights
  7 electric eels
  A centaur zombie (D:6)
  2 bullfrog zombies
  5 draconian simulacra (IceCv)
  2 basilisk zombies (Lair:3)
  An iron imp (Abyss:2)
  30 orc priests
  3 centaur skeletons
  6 hounds
  6 jellies
  5 bullfrog skeletons
  3 iguanas
  32 orc wizards
  A polar bear simulacrum (IceCv)
  A spriggan simulacrum (IceCv)
  3 troll simulacra (IceCv)
  9 worker ants
  6 centaur simulacra (IceCv)
  Robin (D:4)
  13 gnolls
  7 adders
  An ogre simulacrum (IceCv)
  4 naga simulacra (IceCv)
  2 shadow imps
  14 white imps
  2 oozes
  An adder skeleton (D:4)
  An adder zombie (D:7)
  3 worms (D:2)
  A leopard gecko (D:3)
  95 orcs
  A ball python (D:1)
  3 bats
  7 giant cockroaches
  17 goblins
  8 hobgoblins
  10 jackals
  4 quokkas
  6 frilled lizards
  25 kobolds
  A leopard gecko zombie (D:5)
  A quokka skeleton (D:4)
  6 rats
1018 creatures vanquished.

Vanquished Creatures (collateral kills)
  A neqoxec (Abyss:2)
1 creature vanquished.

Vanquished Creatures (others)
  A two-headed ogre (D:12)
  A centaur zombie (D:14)
  A water moccasin (D:12)
  An orc wizard (D:8)
  A worker ant (D:12)
  An orc (D:13)
  A goblin (D:4)
  26 fungi
  54 plants
87 creatures vanquished.

Grand Total: 1106 creatures vanquished

Notes
Turn   | Place    | Note
-------+----------+-------------------------------------------
     0 | D:5      | Snicker the Minotaur Delver began the quest for the Orb.
     0 | D:5      | Reached XP level 1. HP: 19/19 MP: 0/0
     4 | D:6      | Found the +8 glaive of the Guard {elec, spectral, AC+5}
    24 | D:6      | Noticed a bullfrog
   128 | D:5      | Noticed a hound
   128 | D:5      | Noticed a hound
   129 | D:5      | Killed a hound
   130 | D:5      | Reached skill level 1 in Polearms
   130 | D:5      | Reached XP level 2. HP: 26/27 MP: 1/1
   130 | D:5      | Reached XP level 3. HP: 32/33 MP: 2/2
   137 | D:5      | Reached XP level 4. HP: 36/40 MP: 3/3
   204 | D:5      | Reached skill level 2 in Polearms
   204 | D:5      | Reached skill level 5 in Stealth
   322 | D:5      | Reached XP level 5. HP: 46/46 MP: 4/4
   367 | D:5      | Found Ruczaar's Antique Weapon Emporium.
   586 | D:5      | Found a shimmering altar of Xom.
   594 | D:5      | Reached skill level 3 in Polearms
   594 | D:5      | Reached skill level 1 in Armour
   875 | D:5      | Noticed Edmund
   892 | D:4      | Noticed Robin
   908 | D:4      | Killed Robin
  1088 | D:3      | Found a burning altar of Makhleb.
  1174 | D:3      | Found a shadowy altar of Dithmenos.
  1234 | D:3      | Reached XP level 6. HP: 48/53 MP: 5/5
  1298 | D:3      | Reached skill level 4 in Polearms
  1813 | D:3      | Found a faded altar of an unknown god.
  1879 | D:3      | Reached skill level 5 in Polearms
  3957 | D:4      | Reached skill level 6 in Polearms
  3957 | D:4      | Reached XP level 7. HP: 60/60 MP: 6/6
  4059 | D:4      | Found Osegg's Mayhem Merchandise.
  4436 | D:5      | Killed Edmund
  4437 | D:5      | Reached skill level 7 in Polearms
  4822 | D:6      | Reached skill level 8 in Polearms
  4828 | D:6      | Reached XP level 8. HP: 52/66 MP: 7/7
  5109 | D:6      | Reached skill level 9 in Polearms
  5301 | D:7      | Noticed Joseph
  5312 | D:7      | Killed Joseph
  5313 | D:7      | Reached skill level 10 in Polearms
  5315 | D:7      | Reached skill level 5 in Fighting
  5584 | D:7      | Reached skill level 11 in Polearms
  5734 | D:7      | Reached XP level 9. HP: 74/74 MP: 8/8
  6171 | D:7      | Found a staircase to the Ecumenical Temple.
  6184 | Temple   | Entered the Ecumenical Temple
  6192 | Temple   | Became a worshipper of the Shining One
  6255 | D:8      | Reached skill level 12 in Polearms
  6317 | D:8      | Found a sparkling altar of Nemelex Xobeh.
  6317 | D:8      | Noticed Erica
  6321 | D:8      | Killed Erica
  6322 | D:8      | Reached skill level 13 in Polearms
  6322 | D:8      | Reached skill level 5 in Armour
  6388 | D:8      | Reached XP level 10. HP: 58/83 MP: 9/9
  6394 | D:8      | Found a staircase to the Lair.
  6632 | D:8      | Got a jewelled falchion
  6633 | D:8      | Identified the +7 falchion "Jellyslayer" {speed, *Corrode
                  | rC- Int+7 Stlth+} (You found it on level 8 of the Dungeon)
  6943 | D:8      | Found a snail-covered altar of Cheibriados.
  6959 | D:8      | Reached skill level 14 in Polearms
  7236 | D:9      | Noticed a two-headed ogre
  7612 | D:9      | Killed a two-headed ogre
  7663 | D:9      | Reached skill level 1 in Throwing
  7708 | D:9      | Learned a level 2 spell: Swiftness
  7719 | D:9      | Learned a level 2 spell: Wereblood
  7795 | D:9      | Found Detil's Distillery.
  7804 | D:9      | Bought a potion of heal wounds for 70 gold pieces
  7804 | D:9      | Bought a potion of curing for 42 gold pieces
  7827 | D:9      | Reached skill level 15 in Polearms
  8094 | D:10     | Entered Level 10 of the Dungeon
  8096 | D:10     | Reached * piety under the Shining One
  8291 | D:10     | Reached XP level 11. HP: 78/91 MP: 10/10
  8359 | D:10     | Found Homuaroh's Jewellery Shop.
  8476 | D:10     | Reached skill level 1 in Air Magic
  8522 | D:10     | Found Asmea's Distillery.
  8522 | D:10     | Found Dofi's Jewellery Boutique.
  8771 | D:10     | Found Haept's Assorted Antiques.
  8809 | D:10     | Found Vueraiki's Antique Armour Boutique.
  8814 | D:10     | Bought a pair of glowing gloves for 240 gold pieces
  8825 | D:10     | Reached ** piety under the Shining One
  9060 | D:11     | Noticed a two-headed ogre
  9064 | D:11     | Killed a two-headed ogre
  9065 | D:11     | Reached skill level 16 in Polearms
  9182 | D:11     | Reached skill level 1 in Invocations
  9452 | D:11     | You fall into a shaft and drop 3 floors!
  9460 | D:14     | Noticed a boulder beetle
  9469 | D:14     | Killed a boulder beetle
  9483 | D:14     | Reached skill level 17 in Polearms
  9522 | D:14     | Noticed a boulder beetle
  9530 | D:14     | Killed a boulder beetle
  9565 | D:14     | Noticed a white ugly thing
  9566 | D:14     | Noticed a white ugly thing
  9569 | D:14     | Noticed a white ugly thing
  9570 | D:14     | Killed a white ugly thing
  9572 | D:14     | Noticed a centaur warrior
  9573 | D:14     | Killed a white ugly thing
  9574 | D:14     | Reached XP level 12. HP: 93/101 MP: 12/12
  9583 | D:14     | Killed a centaur warrior
  9733 | D:13     | Noticed Sonja
  9744 | D:13     | Noticed a rakshasa
  9744 | D:13     | Reached *** piety under the Shining One
  9746 | D:13     | Noticed Jorgrun
  9824 | D:12     | Found a transporter.
  9844 | D:12     | Found a transporter.
  9844 | D:12     | Noticed a two-headed ogre
  9850 | D:12     | Noticed puppykicker's ghost (journeyman TrDe)
  9883 | D:12     | Noticed Urug
  9894 | D:12     | Killed Urug
  9900 | D:12     | Reached skill level 18 in Polearms
  9995 | D:12     | Noticed a centaur warrior
  9998 | D:12     | Noticed a six-headed hydra
 10010 | D:12     | Killed a three-headed hydra
 10014 | D:12     | Killed a centaur warrior
 10160 | D:12     | Found a staircase to the Orcish Mines.
 10428 | D:12     | Noticed a two-headed ogre
 10428 | D:12     | Reached **** piety under the Shining One
 10477 | D:12     | Noticed Nessos
 10490 | D:12     | Killed Nessos
 10692 | D:12     | Noticed Gastronok
 10697 | D:12     | Killed Gastronok
 10802 | D:12     | Noticed a death knight
 10818 | D:12     | Killed a death knight
 10926 | D:12     | Reached XP level 13. HP: 110/111 MP: 15/15
 10942 | D:12     | Reached skill level 19 in Polearms
 11152 | D:12     | Found a glowing golden altar of the Shining One.
 11698 | Orc:1    | Entered Level 1 of the Orcish Mines
 11846 | Orc:2    | Entered Level 2 of the Orcish Mines
 12182 | D:10     | Bought a jewelled plate armour for 756 gold pieces
 12192 | D:10     | Identified the +7 plate armour of the Hills {Harm rPois rF-
                  | Regen+} (You bought it in a shop on level 10 of the
                  | Dungeon)
 12284 | Orc:2    | Found a frozen archway.
 12301 | IceCv    | Entered an ice cave
 12301 | IceCv    | Reached ***** piety under the Shining One
 12645 | IceCv    | Found an ancient bone altar of Kikubaaqudgha.
 12658 | IceCv    | Reached skill level 5 in Invocations
 12676 | IceCv    | Reached ****** piety under the Shining One
 12972 | Orc:2    | Reached skill level 10 in Fighting
 12995 | Orc:2    | Found a staircase to the Elven Halls.
 13375 | Orc:1    | Found a roughly hewn altar of Beogh.
 13482 | Orc:2    | Reached skill level 5 in Dodging
 13517 | Orc:2    | Reached skill level 1 in Evocations
 13521 | Orc:2    | Noticed an orc warlord
 13555 | Orc:2    | Killed an orc warlord
 13834 | D:10     | Bought a runed hat for 224 gold pieces
 13997 | Orc:2    | Reached skill level 10 in Armour
 13999 | Orc:2    | Reached XP level 14. HP: 124/124 MP: 17/17
 14004 | Orc:2    | Found Bucasats's Antique Armour Shoppe.
 14005 | Orc:2    | Found Joalleh's Antique Weapon Emporium.
 14008 | Orc:2    | Found Tusu's General Store.
 14008 | Orc:2    | Found Zarchineo's Jewellery Shoppe.
 14026 | Orc:2    | Bought a distressingly furry ring mail for 297 gold pieces
 14026 | Orc:2    | Identified the cursed +1 ring mail of Gestures {SInv} (You
                  | bought it in a shop on level 2 of the Orcish Mines)
 14565 | Lair:1   | Entered Level 1 of the Lair of Beasts
 14572 | Lair:1   | Reached skill level 1 in Long Blades
 14585 | Lair:1   | Learned a level 2 spell: Blink
 14900 | Lair:1   | Identified a scroll of acquirement
 14900 | Lair:1   | Acquired a manual of Dodging
 15231 | Lair:2   | Acquired the +0 pair of gloves of Xatz {rC+ Str+3}
 15480 | Lair:2   | Found a staircase to the Shoals.
 16211 | Lair:3   | You fall into a shaft and drop 1 floor!
 16494 | Lair:4   | You fall into a shaft and drop 1 floor!
 17427 | Lair:5   | Found a viscous altar of Jiyva.
 17428 | Lair:5   | Found a staircase to the Slime Pits.
 18416 | Lair:4   | Reached skill level 5 in Long Blades
 18977 | Lair:3   | Reached XP level 15. HP: 136/136 MP: 20/20
 19491 | Lair:3   | Found a staircase to the Snake Pit.
 20206 | Lair:6   | Entered Level 6 of the Lair of Beasts
 20849 | Lair:6   | Got a faintly humming chain mail
 20860 | Lair:6   | Identified the +8 chain mail "Maagaqyu" {Dex+4} (You found
                  | it on level 6 of the Lair of Beasts)
 21729 | D:12     | Killed puppykicker's ghost
 22005 | D:13     | Killed Jorgrun
 22013 | D:13     | Killed Sonja
 22167 | D:13     | Found a runed translucent door.
 22176 | D:13     | Found the +2 hood of the Assassin {Detection Stab+ Stlth++}
 22642 | D:13     | Found Viczoaki's Jewellery Shop.
 22646 | D:13     | Bought the ring of Poyclomp {Fire Str+4 Slay+2} for 585
                  | gold pieces
 22875 | D:13     | Reached XP level 16. HP: 98/147 MP: 22/22
 23131 | D:13     | Found a gate to the Vaults.
 23140 | D:13     | Reached skill level 15 in Fighting
 23236 | Elf:1    | Entered Level 1 of the Elven Halls
 23263 | Elf:1    | Reached skill level 10 in Invocations
 23693 | Snake:1  | Entered Level 1 of the Snake Pit
 24486 | Snake:1  | Found Ytorea's Jewellery Shop.
 24486 | Snake:1  | Found Simynofeor's Book Shoppe.
 24491 | Snake:1  | Found Umuzxunypn's Book Shoppe.
 25264 | Snake:2  | Found Najaiprocha's Magic Scroll Shoppe.
 25279 | Snake:2  | Found Hysk's General Store.
 25285 | Snake:2  | Noticed Vashnia
 25297 | Snake:2  | Killed Vashnia
 26073 | Snake:3  | Reached skill level 15 in Armour
 26669 | Snake:3  | Reached XP level 17. HP: 149/160 MP: 24/24
 26963 | Snake:4  | Entered Level 4 of the Snake Pit
 26986 | Snake:4  | Noticed Aizul
 26994 | Snake:4  | Killed Aizul
 28238 | Elf:1    | Cast into level 2 of the Abyss (a deep elf demonologist)
 28244 | Abyss:2  | Noticed a Hell Sentinel
 28254 | Abyss:2  | Killed a Hell Sentinel
 28339 | Abyss:2  | Noticed a Hell Sentinel
 28351 | Abyss:2  | Killed a Hell Sentinel
 28539 | Abyss:2  | Noticed a Hell Sentinel
 28553 | Abyss:2  | Killed from afar by a Hell Sentinel

Illustrated notes

Levels and vault maps discovered:
D:1:      matt_arrival_grand_opening, layout_basic
D:2:      layout_loops_cross
D:3:      layout_basic, lemuel_crystal_altar, chequers_ecumenical_altar_lobes,
          grunt_ministairs_12, grunt_dithmenos_smoke_and_mirrors
D:4:      layout_cave_pools, serial_column_ruins, column_ruins_square_medium,
          column_ruins_square_medium, column_ruins_open_medium,
          column_ruins_grid_2, column_ruins_grid_4, column_ruins_open_tiny,
          column_ruins_open_small, column_ruins_columns_corner,
          minmay_shop_mayhem, uniq_robin
D:5:      layout_basic, lemuel_doored_altar, serial_shops, shop,
          kennysheep_diamond, cheibrodos_gnoll_hut, uniq_edmund
D:6:      layout_basic, kennysheep_generic_room_10
D:7:      layout_loops_ring, temple_hall, uniq_joseph
D:8:      layout_loops_ring, kennysheep_little_box,
          nicolae_overflow_crystal_walls, grunt_lair_entry_orc_guard_hut,
          minmay_ruffians, uniq_erica
D:9:      layout_roguey, serial_glass, glass_columns_c, glass_columns_b,
          glass_columns_b, glass_columns_b, item_on_display_a,
          item_on_display_a, item_on_display_b, due_unseen_surprise,
          serial_shops, shop, corexii_checkpoint_b
D:10:     layout_irregular_city, serial_shops, kennysheep_mini_moat, shop,
          shop_statue, shop, shop, serial_bayou_ford_a, minmay_diced_spiral
D:11:     layout_grid_maze
D:12:     layout_roguey, orc_0_dummy, special_room [special_room_bee],
          nzn_ghost_randoct, minivault_23, grunt_ministairs_7, tso_altar,
          uniq_nessos, uniq_gastronok, uniq_urug
D:13:     layout_cave_pools, grunt_vaults_entry_fortified, serial_shops, shop,
          minmay_crystal_box, uniq_jorgrun, uniq_sonja
D:14:     minmay_the_grid_square_5x5_3x3
          [minmay_the_grid_square_5x5_doubleslash,
          minmay_the_grid_square_5x5_checkered_sparse,
          minmay_the_grid_square_5x5_spiral,
          minmay_the_grid_square_5x5_half_checkered,
          minmay_the_grid_square_5x5_megaprize_open,
          minmay_the_grid_square_5x5_eight_small,
          minmay_the_grid_square_5x5_six_small,
          minmay_the_grid_square_5x5_shrine1, minmay_the_grid_square_5x5_empty],
          layout_basic, serial_park_square3 [serial_park_minivault_5x5_1],
          bh_circular_ruins
Temple:   nicolae_temple_no_exploring_needed
Lair:1:   layout_hall_layers
Lair:2:   layout_regular_city, elwin_shoals_entry_stream, beast_lair_carwin_4,
          grunt_megastairs_4, infiniplex_staircase_pool, serial_bayou_shore_a
Lair:3:   pond_and_an_island_with_a_cottage, layout_gridlike,
          minmay_snake_entry_guardpost_medium, fungi_pond_lemuel,
          bobbens_dragon_lair_wall
Lair:4:   nzn_winding_woodlands_large [nzn_winding_woodlands_5x5_default,
          nzn_winding_woodlands_5x15_parted,
          nzn_winding_woodlands_5x5_open_star,
          nzn_winding_woodlands_center_triple_pond,
          nzn_winding_woodlands_15x15_boxy_spiral,
          nzn_winding_woodlands_center_diamonds,
          nzn_winding_woodlands_5x5_cross, nzn_winding_woodlands_5x15_default,
          nzn_winding_woodlands_5x5_default], layout_cave_pods,
          grunt_forest_large_clearings, lemuel_fruit_tree
Lair:5:   layout_cave_pods, dpeg_slime_entry_enclosed_altar, serial_bayou_lake_a
Lair:6:   evilmike_catoblepas_cave, layout_loops_ring, minivault_27
Snake:1:  layout_rooms, grunt_ministairs_7, minmay_shop_grove,
          grunt_megastairs_2
Snake:2:  layout_layer_cave, hangedman_snake_thin_pillar_pass, minmay_shoptagon,
          uniq_vashnia
Snake:3:  layout_grid_maze
Snake:4:  johnstein_snake_rune_scales, layout_rooms, uniq_aizul
Orc:1:    layout_caves, bh_open_orc_temple
Orc:2:    st_orc_congregation, layout_caves, portal_ice_cave_demonic_guard,
          mines5_lemuel
Elf:1:    elf_arrival_002, layout_loops_cross, serial_shops, shop,
          evilmike_minifort
Abyss:2:  base:
Depths:4

Skill      XL: |  1  2  3  4  5  6  7  8  9 10 11 12 13 14 15 16 17 |
---------------+----------------------------------------------------+-----
Polearms       | 1 2 3 6 8 11 13 15 17 18 19 | 19.9
Fighting       | 4 5 6 8 9 11 13 14 16 17 | 17.6
Stealth        | 5 6 |  6.2
Armour         | 1 2 3 5 6 7 8 10 12 13 15 | 15.9
Dodging        | 3 4 5 6 7 8 9 |  9.3
Throwing       | 1 2 3 |  3.0
Air Magic      | 2 3 |  3.2
Invocations    | 2 4 6 8 9 11 | 11.5
Evocations     | 1 2 |  2.0
Long Blades    | 5 8 |  8.9
Axes           | |  2.8

Action                   |  1- 3 |  4- 6 |  7- 9 | 10-12 | 13-15 | 16-18 || total
-------------------------+-------+-------+-------+-------+-------+-------++-------
Melee: Glaive            |     5 |   119 |    84 |   291 |   792 |   321 ||  1612
       Headbutt          |       |     9 |    16 |    46 |   222 |    87 ||   380
       Scimitar          |       |       |       |     5 |    38 |       ||    43
Throw: Dart              |       |       |       |     6 |    11 |       ||    17
Invok: Divine Shield     |       |       |       |       |       |     1 ||     1
       Summon Divine War |       |       |       |       |       |     1 ||     1
Evoke: Wand              |       |       |       |     3 |     7 |       ||    10
  Use: Scroll            |       |     1 |     2 |     2 |    15 |     2 ||    22
       Potion            |       |       |       |     8 |     6 |     4 ||    18
 Stab: Sleeping          |       |    12 |     1 |       |       |       ||    13
Armor: Leather armour    |     1 |     1 |       |       |       |       ||     2
       Ring mail         |       |    22 |       |       |       |       ||    22
       Scale mail        |       |    47 |    59 |    94 |       |       ||   200
       Chain mail        |       |       |       |    47 |   501 |   180 ||   728
       Plate armour      |       |       |       |       |     7 |       ||     7
Dodge: Dodged            |     8 |    78 |    69 |   178 |   548 |   230 ||  1111
Block: Other             |       |       |       |       |       |     2 ||     2
       Rpst.: Scimitar   |       |       |       |       |    13 |       ||    13
       Falchion          |       |       |       |       |     1 |       ||     1

Table legend: (Time is in decaauts)
 A = Elapsed time spent in this place.
 B = Non-inter-level travel time spent in this place.
 C = Inter-level travel time spent in this place.
 D = Time resting spent in this place.
 E = Time spent auto-exploring this place.
 F = Levels seen in this place.
 G = Mean time per level.
                   A        B        C        D        E       F      G
               +--------+--------+--------+--------+--------+-----+--------+
         Total |  28459 |  26274 |   2185 |   3715 |  17600 |  30 |  948.6 |
       Dungeon |  13922 |  12661 |   1261 |   1425 |   8700 |  14 |  994.4 |
        Temple |     15 |      8 |      7 |      0 |      0 |   1 |   15.0 |
          Lair |   7111 |   6659 |    452 |    813 |   4877 |   6 | 1185.2 |
     Snake Pit |   4209 |   3990 |    219 |    771 |   2669 |   4 | 1052.2 |
  Orcish Mines |   2160 |   1915 |    245 |    543 |    908 |   2 | 1080.0 |
   Elven Halls |    116 |    116 |      0 |      0 |     53 |   1 |  116.0 |
         Abyss |    299 |    299 |      0 |      0 |    173 |   1 |  299.0 |
      Ice Cave |    623 |    623 |      0 |    163 |    220 |   1 |  623.0 |
               +--------+--------+--------+--------+--------+-----+--------+

Top non-repeatable levels by time:
    D:12: 1873 daAuts
  Lair:4: 1629 daAuts
   Orc:2: 1526 daAuts
 Snake:3: 1521 daAuts
     D:3: 1400 daAuts
  Lair:3: 1362 daAuts
    D:13: 1354 daAuts
     D:8: 1305 daAuts
 Snake:2: 1275 daAuts
  Lair:6: 1230 daAuts
  Lair:5: 1187 daAuts
    D:10: 1151 daAuts
     D:5: 1149 daAuts
  Lair:2: 1028 daAuts
    D:11: 958 daAuts
